BSA
KALAMAZOO ROYALE WITH CHEESE @ CHICAGO MACHINE
08/26/2028
 
TOP OF THE 1ST
Kalamazoo Royale with Cheese batting - Pitching for Chicago Machine : RHP Aaron Thrash
Pitching: RHP Aaron Thrash
Batting: LHB Javier Espinoza 0-0: Foul Ball, location: 2F
0-1: Called Strike
0-2: Ball
1-2: Ground out 1-3 (Groundball, 13S)
Batting: LHB Jacob Wright 0-0: Foul Ball, location: 2F
0-1: Ball
1-1: Called Strike
1-2: Ball
2-2: Ball
3-2: Base on Balls
Batting: LHB Tom Blake 0-0: Ball
1-0: Ball
2-0: Ball
3-0: Base on Balls
Jacob Wright to second
Batting: LHB Donovan Bird 0-0: Ball
1-0: Called Strike
1-1: Ball
2-1: Foul Ball, location: 2F
2-2: Ball
3-2: SINGLE (Line Drive, 8RS)
Jacob Wright to third
Tom Blake to second
Runner from 3rd tries for Home, SAFE, throw made at trailing runner, SAFE at third!
Batting: LHB Roberto Sandoval 0-0: Called Strike
0-1: Called Strike
0-2: Ball
1-2: Strikes out swinging
Batting: RHB Tae-kwon Kwon 0-0: SINGLE (Flyball, 8LS)
Tom Blake scores
Donovan Bird to second
Runner from 2nd tries for 3rd, SAFE, throw made to third
Tae-kwon Kwon to second
Batting: RHB Pedro Rosado 0-0: Called Strike
0-1: Ball
1-1: Ball
2-1: Ball
3-1: Called Strike
3-2: SINGLE (Line Drive, 9LS)
Donovan Bird scores
Tae-kwon Kwon to third
Tae-kwon Kwon scores
Batting: RHB Jorge Márquez 0-0: Ball
Pedro Rosado steals 2nd base
1-0: Swinging Strike
1-1: Ball
2-1: Foul Ball, location: 2F
2-2: Reached on error, E6 (Groundball, 6)
Pedro Rosado scores
Batting: SHB Caden Keith 0-0: Swinging Strike
0-1: Fly out, F7 (Flyball, 78D)
Top of the 1st over - 5 run(s), 3 hit(s), 1 error(s), 1 left on base; Kalamazoo 5 - Chicago 0
BOTTOM OF THE 1ST
Chicago Machine batting - Pitching for Kalamazoo Royale with Cheese : LHP Octávio Ramírez
Pitching: LHP Octávio Ramírez
Batting: SHB Joaquín López 0-0: SINGLE (Flyball, 8RS)
Batting: RHB Pablo Sandoval 0-0: Ball
1-0: Called Strike
1-1: Swinging Strike
1-2: Grounds into double play, 4-6-3 (Groundball, 4M)
Batting: RHB Doug Stephens 0-0: Ball
1-0: Foul Ball, location: 2F
1-1: Ball
2-1: Fly out, F7 (Flyball, 7)
Bottom of the 1st over - 0 run(s), 1 hit(s), 0 error(s), 0 left on base; Kalamazoo 5 - Chicago 0
TOP OF THE 2ND
Kalamazoo Royale with Cheese batting - Pitching for Chicago Machine : RHP Aaron Thrash
Batting: LHB Javier Espinoza 0-0: Ball
1-0: Swinging Strike
1-1: Foul Ball, location: 2F
1-2: Strikes out swinging
Batting: LHB Jacob Wright 0-0: Fly out, F7 (Flyball, 78S)
Batting: LHB Tom Blake 0-0: Ball
1-0: Fly out, F8 (Flyball, 8RXD)
Top of the 2nd over - 0 run(s), 0 hit(s), 0 error(s), 0 left on base; Kalamazoo 5 - Chicago 0
BOTTOM OF THE 2ND
Chicago Machine batting - Pitching for Kalamazoo Royale with Cheese : LHP Octávio Ramírez
Batting: RHB Lorenzo Guzmán 0-0: Ball
1-0: Ball
2-0: Swinging Strike
2-1: Foul Ball, location: 2F
2-2: Foul Ball, location: 2F
2-2: SOLO HOME RUN (Line Drive, 9D), Distance : 400 ft
Batting: RHB Roberto Tobías 0-0: Ball
1-0: Ground out U3 (Groundball, 3)
Batting: LHB Keng-chi Lao 0-0: Called Strike
0-1: Ball
1-1: Ball
2-1: Swinging Strike
2-2: Ball
3-2: Base on Balls
Batting: RHB Gonzalo Gil 0-0: Foul Ball, location: 2F
0-1: Foul Ball, location: 2F
0-2: Ball
1-2: Fly out, F5 (Popup, 5S)
Batting: RHB Nick Harris 0-0: Ball
1-0: Foul Ball, location: 2F
1-1: Ball
2-1: Foul Ball, location: 2F
2-2: Ball
3-2: Foul Ball, location: 2F
3-2: SINGLE (Line Drive, 4D)
Keng-chi Lao to second
Keng-chi Lao to third
Batting: LHB Tanyu Imai 0-0: Swinging Strike
0-1: Ball
1-1: Ball
2-1: DOUBLE (Groundball, 5L)
Keng-chi Lao scores
Nick Harris to third
Runner from 3rd tries for Home, SAFE, no throw
Batting: SHB Joaquín López 0-0: Ball
1-0: Ball
2-0: Foul Ball, location: 2F
2-1: Swinging Strike
2-2: Strikes out swinging
Bottom of the 2nd over - 3 run(s), 3 hit(s), 0 error(s), 1 left on base; Kalamazoo 5 - Chicago 3
TOP OF THE 3RD
Kalamazoo Royale with Cheese batting - Pitching for Chicago Machine : RHP Aaron Thrash
Batting: LHB Donovan Bird 0-0: Foul Ball, location: 2F
0-1: Fly out, F8 (Flyball, 8RD)
Batting: LHB Roberto Sandoval 0-0: SINGLE (Line Drive, 4)
Batting: RHB Tae-kwon Kwon 0-0: Called Strike
Roberto Sandoval steals 2nd base
0-1: Ball
1-1: Called Strike
1-2: Ground out 6-3 (Groundball, 6)
Batting: RHB Pedro Rosado 0-0: Ball
1-0: Called Strike
1-1: Called Strike
1-2: Strikes out looking
Top of the 3rd over - 0 run(s), 1 hit(s), 0 error(s), 1 left on base; Kalamazoo 5 - Chicago 3
BOTTOM OF THE 3RD
Chicago Machine batting - Pitching for Kalamazoo Royale with Cheese : LHP Octávio Ramírez
Batting: RHB Pablo Sandoval 0-0: Ball
1-0: Ground out 6-3 (Groundball, 6)
Batting: RHB Doug Stephens 0-0: Ball
1-0: Ball
2-0: Ball
3-0: Base on Balls
Batting: RHB Lorenzo Guzmán 0-0: Fly out, F3 (Popup, 3L)
Batting: RHB Roberto Tobías 0-0: Fly out, F8 (Flyball, 8LS)
Bottom of the 3rd over - 0 run(s), 0 hit(s), 0 error(s), 1 left on base; Kalamazoo 5 - Chicago 3
TOP OF THE 4TH
Kalamazoo Royale with Cheese batting - Pitching for Chicago Machine : RHP Aaron Thrash
Batting: RHB Jorge Márquez 0-0: Called Strike
0-1: Foul Ball, location: 2F
0-2: Ball
1-2: Foul Ball, location: 2F
1-2: Strikes out swinging
Batting: SHB Caden Keith 0-0: Ball
1-0: Foul Ball, location: 2F
1-1: Ball
2-1: Swinging Strike
2-2: Ball
3-2: SOLO HOME RUN (Flyball, 78XD), Distance : 434 ft
Batting: LHB Javier Espinoza 0-0: Ball
1-0: Swinging Strike
1-1: Swinging Strike
1-2: Strikes out swinging
Batting: LHB Jacob Wright 0-0: Called Strike
0-1: Ground out 3-1 (Groundball, 34)
Top of the 4th over - 1 run(s), 1 hit(s), 0 error(s), 0 left on base; Kalamazoo 6 - Chicago 3
BOTTOM OF THE 4TH
Chicago Machine batting - Pitching for Kalamazoo Royale with Cheese : LHP Octávio Ramírez
Batting: LHB Keng-chi Lao 0-0: Ground out 4-3 (Groundball, 4)
Batting: RHB Gonzalo Gil 0-0: Ball
1-0: Ground out 5-3 (Groundball, 56)
Batting: RHB Nick Harris 0-0: Ball
1-0: Swinging Strike
1-1: Ball
2-1: Ball
3-1: Base on Balls
Batting: LHB Tanyu Imai 0-0: Ball
1-0: Called Strike
1-1: Called Strike
Nick Harris steals 2nd base
1-2: Foul Ball, location: 2F
1-2: Ground out 3-1 (Groundball, 34)
Bottom of the 4th over - 0 run(s), 0 hit(s), 0 error(s), 1 left on base; Kalamazoo 6 - Chicago 3
TOP OF THE 5TH
Kalamazoo Royale with Cheese batting - Pitching for Chicago Machine : RHP Aaron Thrash
Pitching: RHP Steve Snyder
Batting: LHB Tom Blake 0-0: Swinging Strike
0-1: Ball
1-1: SINGLE (Flyball, 6MD)
Batting: LHB Donovan Bird 0-0: Ball
1-0: DOUBLE (Line Drive, 89D)
Tom Blake to third
Runner from 3rd tries for Home, SAFE, no throw
Batting: LHB Roberto Sandoval 0-0: Ball
Wild Pitch!
Donovan Bird to third
1-0: Called Strike
1-1: Fly out, F7 (Flyball, 78S)
Batting: RHB Tae-kwon Kwon 0-0: Foul Ball, location: 2F
0-1: Called Strike
0-2: Foul Ball, location: 2F
0-2: Foul Ball, location: 2F
0-2: Ball
1-2: Foul Ball, location: 2F
1-2: Foul Ball, location: 2F
1-2: Ball
2-2: Foul Ball, location: 2F
2-2: Ball
3-2: Foul Ball, location: 2F
3-2: Ground out 5-3 (Groundball, 56S)
Donovan Bird scores
Batting: RHB Pedro Rosado 0-0: Called Strike
0-1: Ball
1-1: Foul Ball, location: 2F
1-2: Foul Ball, location: 2F
1-2: Foul Ball, location: 2F
1-2: Ball
2-2: Strikes out looking
Top of the 5th over - 2 run(s), 2 hit(s), 0 error(s), 0 left on base; Kalamazoo 8 - Chicago 3
BOTTOM OF THE 5TH
Chicago Machine batting - Pitching for Kalamazoo Royale with Cheese : LHP Octávio Ramírez
Batting: SHB Joaquín López 0-0: Called Strike
0-1: Ground out 6-3 (Groundball, 6)
Batting: RHB Pablo Sandoval 0-0: Ground out 5-3 (Groundball, 5)
Batting: RHB Doug Stephens 0-0: Called Strike
0-1: Called Strike
0-2: Ball
1-2: Ball
2-2: SINGLE (Line Drive, 4D)
Batting: RHB Lorenzo Guzmán 0-0: Called Strike
0-1: Called Strike
0-2: Fielders Choice at 2nd, 5-4 (Groundball, 56)
Bottom of the 5th over - 0 run(s), 1 hit(s), 0 error(s), 0 left on base; Kalamazoo 8 - Chicago 3
TOP OF THE 6TH
Kalamazoo Royale with Cheese batting - Pitching for Chicago Machine : RHP Steve Snyder
Batting: RHB Jorge Márquez 0-0: Ball
1-0: Ball
2-0: Ball
3-0: Base on Balls
Batting: SHB Caden Keith 0-0: Called Strike
0-1: Ball
1-1: Called Strike
1-2: Ball
2-2: Grounds into double play, 6-4-3 (Groundball, 6)
Batting: LHB Javier Espinoza 0-0: Ground out 6-3 (Groundball, 6)
Top of the 6th over - 0 run(s), 0 hit(s), 0 error(s), 0 left on base; Kalamazoo 8 - Chicago 3
BOTTOM OF THE 6TH
Chicago Machine batting - Pitching for Kalamazoo Royale with Cheese : LHP Octávio Ramírez
Batting: RHB Roberto Tobías 0-0: Foul Ball, location: 2F
0-1: Ball
1-1: Ball
2-1: Ball
3-1: Called Strike
3-2: SINGLE (Groundball, 4MD)
Batting: LHB Keng-chi Lao 0-0: Ball
1-0: Fielders Choice at 2nd, 4-6 (Groundball, 4)
Batting: RHB Gonzalo Gil 0-0: Called Strike
0-1: Foul Ball, location: 2F
0-2: Hit by Pitch
Keng-chi Lao to second
Batting: RHB Nick Harris 0-0: Foul Ball, location: 2F
0-1: Foul Ball, location: 2F
0-2: Ball
1-2: Ball
2-2: Ball
3-2: Hit by Pitch
Keng-chi Lao to third
Gonzalo Gil to second
Batting: LHB Tanyu Imai 0-0: SINGLE (Line Drive, 89S)
Keng-chi Lao scores
Gonzalo Gil to third
Nick Harris to second
Runner from 3rd tries for Home, SAFE, no throw
Batting: SHB Joaquín López 0-0: Called Strike
Nick Harris steals 3rd base
Tanyu Imai to second
0-1: Called Strike
0-2: Strikes out swinging
Batting: RHB Pablo Sandoval 0-0: Ball
1-0: Called Strike
1-1: Ball
2-1: Foul Ball, location: 2F
2-2: Ball
3-2: Ground out 4-3 (Groundball, 4)
Bottom of the 6th over - 2 run(s), 2 hit(s), 0 error(s), 2 left on base; Kalamazoo 8 - Chicago 5
TOP OF THE 7TH
Kalamazoo Royale with Cheese batting - Pitching for Chicago Machine : RHP Steve Snyder
Batting: LHB Jacob Wright 0-0: Called Strike
0-1: Ball
1-1: Ball
2-1: Foul Ball, location: 2F
2-2: Foul Ball, location: 2F
2-2: Ball
3-2: Base on Balls
Batting: LHB Tom Blake 0-0: Ball
1-0: Foul Ball, location: 2F
1-1: Ball
2-1: Ball
3-1: Foul Ball, location: 2F
3-2: Fielders Choice at 2nd, 4-6 (Groundball, 4)
Batting: LHB Donovan Bird 0-0: Foul Ball, location: 2F
0-1: Grounds into double play, 6-4-3 (Groundball, 6)
Top of the 7th over - 0 run(s), 0 hit(s), 0 error(s), 0 left on base; Kalamazoo 8 - Chicago 5
BOTTOM OF THE 7TH
Chicago Machine batting - Pitching for Kalamazoo Royale with Cheese : LHP Octávio Ramírez
Pitching: RHP Enrique Aguilera
Batting: RHB Doug Stephens 0-0: Ground out 4-3 (Groundball, 4MD)
Batting: RHB Lorenzo Guzmán 0-0: SINGLE (Groundball, 56D)
Batting: RHB Roberto Tobías 0-0: Ball
1-0: Foul Ball, location: 2F
1-1: Ball
2-1: Ball
3-1: SINGLE (Groundball, 6MD)
Lorenzo Guzmán to second
Pitching: LHP Carlos Thomas
Batting: LHB Keng-chi Lao 0-0: Ball
1-0: Foul Ball, location: 2F
1-1: Foul Ball, location: 2F
1-2: Foul Ball, location: 2F
1-2: Ball
2-2: Foul Ball, location: 2F
2-2: Ball
3-2: Fly out, F9 (Flyball, 9D)
Runner from 2nd tags up, SAFE at 3rd, no throw
Pitching: LHP Morgan McDormand
Batting: RHB Gonzalo Gil 0-0: Fielders Choice at 2nd, 5-4 (Groundball, 5)
Bottom of the 7th over - 0 run(s), 2 hit(s), 0 error(s), 1 left on base; Kalamazoo 8 - Chicago 5
TOP OF THE 8TH
Kalamazoo Royale with Cheese batting - Pitching for Chicago Machine : RHP Steve Snyder
Pitching: RHP Juan Rodríguez
Batting: LHB Roberto Sandoval 0-0: Foul Ball, location: 2F
0-1: Fly out, F4 (Popup, 34)
Batting: RHB Tae-kwon Kwon 0-0: Foul Ball, location: 2F
0-1: Ball
1-1: Foul Ball, location: 2F
1-2: Strikes out swinging
Batting: RHB Pedro Rosado 0-0: Foul Ball, location: 2F
0-1: Ball
1-1: Swinging Strike
1-2: Strikes out swinging
Top of the 8th over - 0 run(s), 0 hit(s), 0 error(s), 0 left on base; Kalamazoo 8 - Chicago 5
BOTTOM OF THE 8TH
Chicago Machine batting - Pitching for Kalamazoo Royale with Cheese : LHP Morgan McDormand
Batting: RHB Nick Harris 0-0: Ground out 6-3 (Groundball, 6)
Batting: LHB Tanyu Imai 0-0: Ball
1-0: Ball
2-0: Called Strike
2-1: Ground out U3 (Groundball, 3L)
Batting: SHB Joaquín López 0-0: Called Strike
0-1: Ball
1-1: Called Strike
1-2: Strikes out swinging
Bottom of the 8th over - 0 run(s), 0 hit(s), 0 error(s), 0 left on base; Kalamazoo 8 - Chicago 5
TOP OF THE 9TH
Kalamazoo Royale with Cheese batting - Pitching for Chicago Machine : RHP Juan Rodríguez
Batting: RHB Jorge Márquez 0-0: Called Strike
0-1: SINGLE (Groundball, 34D)
Batting: SHB Caden Keith 0-0: Ball
1-0: Foul Ball, location: 2F
1-1: Ball
2-1: Foul Ball, location: 2F
2-2: SINGLE (Line Drive, 56)
Jorge Márquez to second
Batting: LHB Javier Espinoza 0-0: Ball
1-0: Called Strike
1-1: Ball
2-1: Ball
3-1: Foul Ball, location: 2F
3-2: SINGLE (Line Drive, 6M)
Jorge Márquez to third
Caden Keith to second
Pitching: RHP Víctor Reyes
Batting: LHB Jacob Wright 0-0: Ball
1-0: Called Strike
1-1: Swinging Strike
1-2: Foul Ball, location: 2F
1-2: Foul Ball, location: 2F
1-2: Strikes out looking
Batting: LHB Tom Blake 0-0: Ball
1-0: Called Strike
1-1: Foul Ball, location: 2F
1-2: Strikes out swinging
Batting: LHB Donovan Bird 0-0: Ball
1-0: Ground out 3-1 (Groundball, 34)
Top of the 9th over - 0 run(s), 3 hit(s), 0 error(s), 3 left on base; Kalamazoo 8 - Chicago 5
BOTTOM OF THE 9TH
Chicago Machine batting - Pitching for Kalamazoo Royale with Cheese : LHP Morgan McDormand
Pitching: RHP Armen Boyajian
Batting: RHB Pablo Sandoval 0-0: Ball
1-0: Ground out 6-3 (Groundball, 6S)
Batting: RHB Doug Stephens 0-0: Called Strike
0-1: Ball
1-1: Ball
2-1: Fly out, F1 (Popup, 15)
Batting: RHB Lorenzo Guzmán 0-0: Ball
1-0: Ball
2-0: Called Strike
2-1: Ball
3-1: Swinging Strike
3-2: Ground out 5-3 (Groundball, 56S)
Bottom of the 9th over - 0 run(s), 0 hit(s), 0 error(s), 0 left on base; Kalamazoo 8 - Chicago 5
Tuesday, August 8th, 2017 - OOTP Baseball 17.12 Build 75